 Dungeon Crawl Stone Soup version 0.26-a0-1213-gd52f5182fe (webtiles) character file.

Game seed: 10817138398250725670

1059 Anon1729 the Archer (level 8, -5/45 HPs)
             Began as a Deep Elf Hunter on Dec 30, 2020.
             Slain by Pikel
             ... wielding a +2 whip of electrocution
              (14 damage)
             ... on level 6 of the Dungeon.
             The game lasted 00:14:58 (7575 turns).

Anon1729 the Archer (Deep Elf Hunter)               Turns: 7575, Time: 00:14:59

Health: -5/45      AC:  8    Str: 11    XL:     8   Next: 6%
Magic:  10/10      EV: 12    Int: 17    God:
Gold:   179        SH:  0    Dex: 15    Spells: 7/7 levels left

rFire    . . .     SeeInvis +   c - +0 dagger (venom)
rCold    . . .     Faith    .   (no shield)
rNeg     . . .     Spirit   .   q - +3 leather armour
rPois    .         Reflect  .   z - +0 helmet (curse)
rElec    .         Harm     .   (no cloak)
rCorr    .         Rampage  .   t - +0 pair of gloves
Will     .....                  (no boots)
Stlth    +++.......             (no amulet)
HPRegen  0.15/turn              s - ring of see invisible
MPRegen  0.12/turn              w - ring of stealth

@: no status effects
A: no striking features
a: no special abilities


You were on level 6 of the Dungeon.
You visited 1 branch of the dungeon, and saw 6 of its levels.

You collected 229 gold pieces.
You spent 50 gold pieces at shops.

Inventory:

Hand Weapons
 a - a +1 shortbow
 b - a +0 short sword
 c - a +0 dagger of venom (weapon)
 o - a +2 dagger of freezing
 x - a +3 dagger
Missiles
 d - 63 arrows
 h - 21 poisoned darts (quivered)
Armour
 p - a +0 leather armour of poison resistance
 q - a +3 leather armour (worn)
 t - a +0 pair of gloves (worn)
 z - a cursed +0 helmet (worn)
 F - a +2 leather armour of poison resistance
Jewellery
 s - a ring of see invisible (left hand)
 w - a ring of stealth (right hand)
 G - an uncursed ring of wizardry
Wands
 B - a wand of enslavement (12)
 H - a wand of digging (9)
Scrolls
 f - a scroll of teleportation {unknown}
 g - 3 scrolls of magic mapping {unknown}
 j - 4 scrolls of identify {unknown}
 k - 2 scrolls of fear {unknown}
 l - 2 scrolls of immolation {unknown}
 n - 4 scrolls of remove curse
 r - 3 scrolls of noise {unknown}
 u - a scroll of enchant armour {unknown}
 y - a scroll of fog
 A - a scroll of blinking {unknown}
 E - a scroll of enchant weapon {unknown}
Potions
 i - a potion of heal wounds {unknown}
 m - 2 potions of might {unknown}
 v - 2 potions of resistance {unknown}
 C - a potion of haste {unknown}
 D - a potion of degeneration {unknown}
 I - a potion of attraction {unknown}


   Skills:
 + Level 2.6 Fighting
 * Level 12.0 Bows
 - Level 2.4 Dodging
 + Level 3.6 Stealth


You had 7 spell levels left.
You didn't know any spells.
Your spell library was empty.

Dungeon Overview and Level Annotations

Branches:
Dungeon (6/15)
 Temple: D:4-7

Altars:
Elyvilon
Gozag
Makhleb
Sif Muna
Trog

Shops:
D:4 [**   D:5 [

Annotations:
D:5 2 transporters, emiel's ghost, weakling TrDe
D:6 Pikel


Message History

The lemure looks more healthy.
Pikel barely misses you.
The lemure looks more healthy.
You hit Pikel but do no damage.
Pikel looks as sick as possible!
Pikel is heavily wounded.
Pikel hits you but does no damage.
You are electrocuted!
* * * LOW HITPOINT WARNING * * *
Pikel says, "Hell isn't that bad."
There is a stone staircase leading up here.
Evoke which item? (* to show all) (? for menu, Esc to quit)
Okay, then.
Unknown command.
Throw: throwing net
Press: ? - help, Q - select action, (/) - cycle Shift-Dir - straight line, f - Pikel
Aim: Pikel, wielding a +2 whip of electrocution and wearing a +0 robe (almost dead, very poisoned)
You throw a throwing net. The throwing net closely misses Pikel.
Pikel hits you with a +2 whip of electrocution.
* * * LOW HITPOINT WARNING * * *
You are electrocuted!
You die...

####..
###########5.)..
##[5....5....##<.
##..########### ..
#5.## .( ########
#.## .P
#......####5# PP
#..####.....K#### ≈P
#.#######...@...# ≈≈
#.#.......#####.....
....####### ###. ##


You could see Pikel (very poisoned) and 2 lemures.

Vanquished Creatures
  Sigmund (D:3)
  An ogre (D:4)
  3 phantoms
  A hound (D:4)
  An orc priest (D:5)
  2 orc wizards
  An iguana (D:4)
  Ijyb (D:3)
  Natasha (thrice) (D:3)
  3 worker ants
  3 gnolls (D:3)
  5 adders
  A shadow imp (D:5)
  2 white imps (D:5)
  An ufetubus (D:5)
  An ooze (D:1)
  2 worms
  3 dart slugs
  4 leopard geckos
  25 orcs
  8 bats
  2 giant cockroaches
  8 goblins
  4 hobgoblins
  8 jackals
  A quokka (D:5)
  2 ball pythons (D:1)
  2 frilled lizards
  2 jackal skeletons (D:4)
  7 kobolds
  A leopard gecko skeleton (D:4)
  10 rats
119 creatures vanquished.

Vanquished Creatures (others)
  9 plants
9 creatures vanquished.

Grand Total: 128 creatures vanquished

Notes
Turn   | Place    | Note
-------+----------+-------------------------------------------
     0 | D:1      | Anon1729 the Deep Elf Hunter began the quest for the Orb.
     0 | D:1      | Reached XP level 1. HP: 12/12 MP: 3/3
   338 | D:1      | Reached skill level 6 in Bows
   338 | D:1      | Reached XP level 2. HP: 16/16 MP: 4/4
   981 | D:1      | Reached XP level 3. HP: 9/20 MP: 5/5
  1322 | D:2      | Reached skill level 7 in Bows
  1915 | D:3      | Noticed Ijyb
  1971 | D:3      | Killed Ijyb
  1972 | D:3      | Reached XP level 4. HP: 22/25 MP: 6/6
  2027 | D:3      | Noticed Sigmund
  2299 | D:2      | Reached skill level 8 in Bows
  2821 | D:3      | Found a white marble altar of Elyvilon.
  2826 | D:3      | Found a burning altar of Makhleb.
  3484 | D:3      | Killed Sigmund
  3485 | D:3      | Reached skill level 9 in Bows
  3485 | D:3      | Reached XP level 5. HP: 16/29 MP: 7/7
  3485 | D:3      | Reached XP level 6. HP: 19/34 MP: 8/8
  3867 | D:3      | Found a shimmering blue altar of Sif Muna.
  3867 | D:3      | Found a bloodstained altar of Trog.
  4049 | D:3      | Noticed Natasha
  4062 | D:3      | Reached skill level 10 in Bows
  4069 | D:3      | Killed Natasha
  4095 | D:3      | Noticed Natasha
  4320 | D:3      | Killed Natasha
  4384 | D:3      | Noticed Natasha
  4504 | D:3      | Killed Natasha
  5195 | D:4      | Found Guzafor's General Store.
  5213 | D:4      | Bought a scroll of fog for 20 gold pieces
  5213 | D:4      | Bought a scroll of remove curse for 30 gold pieces
  5314 | D:4      | Reached skill level 11 in Bows
  5314 | D:4      | Reached XP level 7. HP: 28/38 MP: 9/9
  5674 | D:4      | Found Kiteja's Antique Armour Shoppe.
  6226 | D:4      | Found Gozag's Platinum Reserve.
  6274 | D:4      | Found an opulent altar of Gozag.
  6435 | D:5      | Entered Level 5 of the Dungeon
  6541 | D:5      | Found Etyhe's Armour Emporium.
  6734 | D:5      | Reached XP level 8. HP: 45/45 MP: 10/10
  6741 | D:5      | Reached skill level 12 in Bows
  6916 | D:5      | Identified the +3 ring mail of Gozag's Hope {Rampage rC+
                  | Will+ Int-2}
  7003 | D:5      | Found a transporter.
  7007 | D:5      | Found a transporter.
  7406 | D:5      | Noticed emiel's ghost (weakling TrDe)
  7544 | D:6      | Noticed Pikel
  7575 | D:6      | Slain by Pikel

Illustrated notes

Levels and vault maps discovered:
D:1:      heliophobic_arrival_glass_houses, layout_basic
D:2:      layout_basic
D:3:      layout_rooms, grunt_temple_overflow_open, uniq_ijyb, uniq_sigmund,
          uniq_natasha
D:4:      layout_loops_ring, serial_shops, shop, shop,
          nicolae_gozag_zags_fifth_avenue
D:5:      layout_loops_corners, serial_shops, shop,
          gammafunk_ghost_gnarly_gnolls
D:6:      layout_rooms, minitemple, minmay_temple_entry_drinking_statues,
          serial_bayou, serial_bayou_shore_a, serial_bayou_pond_d,
          serial_bayou_pond_c, serial_bayou_lagoon_a, uniq_pikel

Skill      XL: |  1  2  3  4  5  6  7  8 |
---------------+-------------------------+-----
Bows           | 6 7 9 11 12 | 12.0
Fighting       | 2 |  2.6
Stealth        | 3 |  3.6
Dodging        | |  2.4

Action                   |  1- 3 |  4- 6 |  7- 9 || total
-------------------------+-------+-------+-------++-------
Melee: Short sword       |    22 |       |       ||    22
       Unarmed           |    24 |       |       ||    24
       Dagger            |       |   172 |    68 ||   240
 Fire: Shortbow          |    80 |    15 |   134 ||   229
Throw: Dart              |       |    18 |       ||    18
       Throwing net      |       |       |     1 ||     1
 Stab: Sleeping          |       |     3 |       ||     3
Armor: Leather armour    |    13 |    61 |    28 ||   102
       Skin              |     5 |       |       ||     5
Dodge: Dodged            |    50 |   131 |    39 ||   220

Table legend: (Time is in decaauts)
 A = Elapsed time spent in this place.
 B = Non-inter-level travel time spent in this place.
 C = Inter-level travel time spent in this place.
 D = Time resting spent in this place.
 E = Time spent auto-exploring this place.
 F = Levels seen in this place.
 G = Mean time per level.
                   A        B        C        D        E       F      G
               +--------+--------+--------+--------+--------+-----+--------+
         Total |   7539 |   7053 |    486 |   2182 |   3674 |   6 | 1256.5 |
       Dungeon |   7539 |   7053 |    486 |   2182 |   3674 |   6 | 1256.5 |
               +--------+--------+--------+--------+--------+-----+--------+

Top non-repeatable levels by time:
     D:2: 3086 daAuts
     D:3: 1149 daAuts
     D:4: 1096 daAuts
     D:1: 1091 daAuts
     D:5: 1042 daAuts
     D:6: 72 daAuts
